 Dungeon Crawl Stone Soup version 0.28.0-53-g5a82cb258f (webtiles) character file.

Game seed: 7204725645386183074

2893 cbfl8 the Cleaver (level 9, -3/79 HPs)
             Began as a Minotaur Berserker on Nov 3, 2022.
             Was a High Priest of Trog.
             Slain by an orc warrior (11 damage)
             ... in a bailey.
             The game lasted 00:08:08 (7197 turns).

cbfl8 the Cleaver (Minotaur Berserker)              Turns: 7197, Time: 00:08:09

Health: -3/79      AC: 12    Str: 22    XL:     9   Next: 48%
Magic:  8/8        EV:  9    Int:  4    God:    Trog [*****.]
Gold:   504        SH:  0    Dex: 14    Spells: 8/8 levels left

rFire   . . .      SeeInvis .   y - +3 battleaxe (freeze)
rCold   . . .      Faith    .   (shield currently unavailable)
rNeg    + . .      Spirit   .   u - +0 chain mail
rPois   .          Reflect  .   (helmet restricted)
rElec   .          Harm     .   (no cloak)
rCorr   .          Rampage  .   (no gloves)
Will    .....                   t - +0 pair of boots
Stlth   ..........              h - amulet of regeneration
HPRegen 1.03/turn               D - ring of positive energy
MPRegen 0.11/turn               (no ring)

@: no status effects
A: horns 2, retaliatory headbutt
a: Renounce Religion, Berserk, Trog's Hand, Brothers in Arms


You were in a bailey.
You worshipped Trog.
Trog was extremely pleased with you.
You visited 1 branch of the dungeon, and saw 8 of its levels.
You also visited: Ossuary and Bailey.

You collected 504 gold pieces.

Inventory:

Hand Weapons
 y - a +3 battleaxe of freezing (weapon)
Armour
 k - an orb of light
 t - a +0 pair of boots (worn)
 u - a +0 chain mail (worn)
Jewellery
 e - a ring of fire
 h - an amulet of regeneration (around neck)
 D - a ring of positive energy (left hand)
Wands
 a - a wand of flame (13)
 c - a wand of iceblast (7)
Scrolls
 d - 5 scrolls of teleportation
 i - 3 scrolls of blinking
 j - a scroll of fear {unknown}
 l - 2 scrolls of brand weapon
 n - a scroll of immolation {unknown}
 p - 2 scrolls of vulnerability {unknown}
 q - 2 scrolls of fog {unknown}
 x - a scroll of enchant weapon {unknown}
 B - 2 scrolls of summoning {unknown}
 C - 2 scrolls of noise {unknown}
Potions
 b - 2 potions of heal wounds {unknown}
 f - a potion of berserk rage {unknown}
 g - 4 potions of curing
 m - 2 potions of might {unknown}
 o - a potion of ambrosia {unknown}
 r - 3 potions of resistance
 s - 2 potions of magic {unknown}
 v - 3 potions of degeneration {unknown}
 w - 3 potions of brilliance {unknown}
 z - a potion of lignification {unknown}
 A - a potion of haste {unknown}


   Skills:
 + Level 7.5 Fighting
 + Level 11.9 Axes
 + Level 7.4 Armour
 + Level 4.1 Dodging
 + Level 2.2 Stealth


You had 8 spell levels left.
You didn't know any spells.
Your spell library was empty.

Dungeon Overview and Level Annotations

Branches:
Dungeon (8/15)             Temple (0/1) D:4         Ossuary (visited)
 Bailey (1/1)
   Lair: D:8-11

Altars:
Gozag
Hepliaklqana
Qazlal
Uskayaw
Vehumet
Wu Jian


Innate Abilities, Weirdness & Mutations

You have a pair of horns on your head.
You reflexively headbutt those who attack you in melee.


Message History

There is a gate leading back out of this place here.
An orc comes into view. It is wielding a +0 arbalest.
The orc shouts!
The orc shoots a bolt.
The bolt hits you but does no damage.
The orc shoots a bolt.
The bolt barely misses you.
The orc shoots a bolt.
The bolt hits you!
The orc shoots a bolt.
The bolt hits you!
The orc unwields a +0 arbalest.
The orc hits you but does no damage.
You hit the orc. You freeze the orc. Your headbutt misses the orc.
The orc is heavily wounded.
The orc hits you.
You slash the orc! You freeze the orc.
You kill the orc!
Trog accepts your kill.
An orc warrior comes into view. It is wielding a +0 arbalest.
Found a gate leading back out of this place.
The orc warrior shouts!
The orc warrior shoots a bolt.
The bolt hits you.
You hear a shout!
The orc warrior shoots a bolt.
The bolt closely misses you.
The orc warrior shoots a bolt.
The bolt hits you!
The orc warrior shoots a bolt.
The bolt hits you!
An orc warrior comes into view. It is wielding a +0 arbalest.
The orc warrior shouts!
The orc warrior shoots a bolt.
The bolt barely misses you.
The orc warrior shoots a bolt.
The bolt barely misses you.
The orc warrior shoots a bolt.
The bolt hits you.
The orc warrior shoots a bolt.
The bolt barely misses you.
The orc shoots a bolt.
The bolt closely misses you.
The orc warrior shoots a bolt.
The bolt hits you!
The orc warrior shoots a bolt.
The bolt hits you!
* * * LOW HITPOINT WARNING * * *
The orc shoots a bolt.
The bolt hits you!
* * * LOW HITPOINT WARNING * * *
The orc warrior unwields a +0 arbalest.
The orc warrior hits you.
* * * LOW HITPOINT WARNING * * *
You closely miss the orc warrior.
The orc warrior shoots a bolt.
The bolt barely misses you.
The orc shoots a bolt.
The bolt closely misses you. The orc warrior hits you!
You die...

#........
#..........
#..........
#......≈≈.
#.....≈≈# #
#....o≈##.∩# ..
#.....≈#o.. ....
#..o..≈##.##≈...
#..@..≈≈###≈≈...
#......≈≈≈≈≈....
#...............
#.........o.....
#........)......
#∩..............
################


You could see 3 orc warriors and an orc.

Vanquished Creatures
  Duvessa (D:6)
  2 water moccasins
  2 orc warriors
  2 sky beasts (D:7)
  3 ogres
  3 centaurs
  Blork the orc (D:4)
  A bullfrog (D:6)
  A kobold brigand (D:7)
  2 scorpions (D:5)
  Dowan (D:6)
  13 wights
  A howler monkey (D:5)
  A bullfrog zombie (D:7)
  2 centaur skeletons (D:7)
  A centaur zombie (D:6)
  A jelly (D:4)
  A bullfrog skeleton (D:5)
  3 orc priests
  3 iguanas
  A scorpion zombie (D:5)
  4 orc wizards
  2 hound zombies (Ossuary)
  4 mummies (Ossuary)
  A howler monkey zombie (D:7)
  3 gnolls (D:4)
  6 adders
  An adder skeleton (D:4)
  2 adder zombies (Ossuary)
  A worm (D:4)
  3 dart slugs
  23 orcs
  A bat (D:1)
  7 endoplasms
  4 giant cockroaches
  8 goblins
  5 hobgoblins
  10 jackals
  4 quokkas
  6 ball pythons
  A gnoll zombie (Ossuary)
  A goblin zombie (Ossuary)
  2 hobgoblin zombies (Ossuary)
  2 jackal zombies (Ossuary)
  9 kobolds
  2 kobold zombies (Ossuary)
  6 rats
164 creatures vanquished.

Vanquished Creatures (others)
  2 fungi (D:8)
  28 plants (D:8)
30 creatures vanquished.

Grand Total: 194 creatures vanquished

Notes
Turn   | Place    | Note
-------+----------+-------------------------------------------
     0 | D:1      | cbfl8 the Minotaur Berserker began the quest for the Orb.
     0 | D:1      | Reached XP level 1. HP: 19/19 MP: 0/0
   222 | D:1      | Reached XP level 2. HP: 16/27 MP: 1/1
   390 | D:1      | Reached skill level 4 in Axes
   806 | D:1      | Reached XP level 3. HP: 25/33 MP: 2/2
   868 | D:1      | Reached ** piety under Trog
  1408 | D:2      | Found an opulent altar of Gozag.
  2238 | D:3      | Identified the +6 short sword "Ubokk" {venom, rF+}
  2543 | D:3      | Reached XP level 4. HP: 35/41 MP: 3/3
  2586 | D:3      | Found a hide-covered altar of Uskayaw.
  2587 | D:3      | Found a stormy altar of Qazlal.
  3149 | D:4      | Reached skill level 5 in Axes
  3279 | D:4      | Noticed an ogre
  3287 | D:4      | Killed an ogre
  3288 | D:4      | Reached skill level 1 in Stealth
  3288 | D:4      | Reached XP level 5. HP: 15/47 MP: 4/4
  3579 | D:4      | Noticed Blork the orc
  3591 | D:4      | Killed Blork the orc
  3592 | D:4      | Reached skill level 6 in Axes
  3592 | D:4      | Reached XP level 6. HP: 42/53 MP: 5/5
  3856 | D:4      | Found a staircase to the Ecumenical Temple.
  3999 | D:5      | Entered Level 5 of the Dungeon
  4384 | D:5      | Found an ornate altar of the Wu Jian Council.
  4434 | D:5      | Reached skill level 5 in Fighting
  4434 | D:5      | Reached XP level 7. HP: 61/61 MP: 6/6
  4461 | D:5      | Reached skill level 5 in Armour
  4465 | D:5      | Reached *** piety under Trog
  4578 | D:5      | Reached skill level 7 in Axes
  4697 | D:5      | Found a radiant altar of Vehumet.
  5019 | D:6      | Found a hazy altar of Hepliaklqana.
  5138 | D:6      | Reached skill level 8 in Axes
  5146 | D:6      | Reached XP level 8. HP: 51/70 MP: 7/7
  5416 | D:6      | Noticed Duvessa
  5416 | D:6      | Noticed Dowan
  5424 | D:6      | Killed Dowan
  5425 | D:6      | Reached skill level 9 in Axes
  5428 | D:6      | Killed Duvessa
  6005 | D:7      | Found a sand-covered staircase.
  6043 | D:7      | Reached skill level 10 in Axes
  6070 | Ossuary  | Entered an ossuary
  6082 | Ossuary  | Reached **** piety under Trog
  6446 | D:7      | Reached XP level 9. HP: 75/78 MP: 8/8
  6542 | D:7      | Reached skill level 11 in Axes
  7022 | D:8      | Identified the +1 helmet "Jaiff" {Contam Fly rF+ Dex+3}
  7121 | D:8      | Reached ***** piety under Trog
  7137 | D:8      | Found a flagged portal.
  7146 | Bailey   | Entered a bailey
  7197 | Bailey   | Slain by an orc warrior

Illustrated notes

Levels and vault maps discovered:
D:1:      psy_arrival_terrarium, layout_basic, grunt_decor_arrowhead,
          hangedman_abyss_or_decor_stabs, st_stairs_9, corner_web_ring
D:2:      layout_basic, basic_altar
D:3:      layout_basic, lemuel_tele_altar,
          mainiacjoe_overflow_concentric_impassable
D:4:      layout_gridville, minmay_temple_entry_enclosed_plants,
          minmay_misc_feat_iff, uniq_blork_the_orc
D:5:      layout_loops_ring, mainiacjoe_overflow_alcove_4,
          mainiacjoe_overflow_boulevard
D:6:      cheibrodos_quashed, layout_basic, nicolae_hepliaklqana_hazy_memory,
          uniq_duvessa
D:7:      layout_basic, enter_ossuary_2, chequers_avenue
D:8:      layout_loops_ring, nicolae_elyvilon_temple_path,
          minmay_lair_entry_grove, enter_bailey_8, uniq_pikel
Bailey:   bailey_polearm_2, bailey

Skill      XL: |  1  2  3  4  5  6  7  8  9 |
---------------+----------------------------+-----
Fighting       | 4 5 6 7 |  7.5
Axes           | 4 5 6 8 10 11 | 11.9
Armour         | 3 4 5 6 7 |  7.4
Dodging        | 3 4 |  4.1
Stealth        | 1 2 |  2.2

Action                   |  1- 3 |  4- 6 |  7- 9 || total
-------------------------+-------+-------+-------++-------
Melee: Hand axe          |   105 |    69 |    71 ||   245
       Headbutt          |    16 |    18 |    38 ||    72
       Punch             |     2 |       |       ||     2
       Battleaxe         |       |       |   130 ||   130
Invok: Berserk           |       |     3 |     3 ||     6
  Use: Scroll            |       |       |     5 ||     5
 Stab: Distracted        |     1 |       |       ||     1
       Sleeping          |     1 |       |       ||     1
Armor: Animal skin       |     3 |       |       ||     3
       Leather armour    |    27 |       |       ||    27
       Ring mail         |       |     9 |     3 ||    12
       Chain mail        |       |       |    91 ||    91
Dodge: Dodged            |    55 |    36 |   103 ||   194
